 Dungeon Crawl Stone Soup version 0.29.1-15-g9cfb28693d (webtiles) character file.

Game seed: 8556774745304797248

374 Labrat the Digger (level 7, -2/50 HPs)
             Began as a Meteoran Earth Elementalist on Sept 6, 2023.
             Was an Initiate of Vehumet.
             Slain by a centaur (3 damage)
             ... on level 6 of the Dungeon.
             The game lasted 00:13:40 (1243 turns).

Labrat the Digger (Meteoran Earth Elementalist)     Turns: 1243, Time: 00:13:41

Health: -2/50      AC:  5    Str:  9    XL:     7   Next: 24%
Magic:  22/25      EV: 12    Int: 19    God:    Vehumet [......]
Gold:   120        SH:  0    Dex: 15    Spells: 14/17 levels left

rFire   + . .      SeeInvis .   n - +1 spear (venom)
rCold   . . .      Faith    .   (no shield)
rNeg    . . .      Spirit   .   i - +2 leather armour {rF+}
rPois   .          Reflect  .   (no helmet)
rElec   .          Harm     .   (no cloak)
rCorr   .          Rampage  .   (no gloves)
Will    .....                   (no boots)
Stlth   +.........              (no amulet)
HPRegen 0.16/turn               c - ring of magical power
MPRegen 0.19/turn               (no ring)

@: glowing
A: sense surroundings 1, otherworldly, glowing, explore regen
a: Renounce Religion


You were on level 6 of the Dungeon.
You worshipped Vehumet.
Vehumet was noncommittal.
You visited 2 branches of the dungeon, and saw 7 of its levels.

You collected 120 gold pieces.

Inventory:

Hand Weapons
 n - a +1 spear of venom (weapon)
Armour
 i - a +2 leather armour of fire resistance (worn)
Jewellery
 c - a ring of magical power (left hand)
Wands
 f - a wand of quicksilver (13)
Scrolls
 a - 4 scrolls of identify {unknown}
 h - a scroll of blinking {unknown}
 k - a scroll of magic mapping {unknown}
 m - 2 scrolls of summoning {unknown}
 p - 2 scrolls of vulnerability {unknown}
Potions
 b - a potion of magic
 d - a potion of brilliance {unknown}
 e - a potion of invisibility {unknown}
 g - a potion of attraction {unknown}
 j - a potion of flight {unknown}
 l - a potion of curing {unknown}
 o - a potion of degeneration {unknown}


   Skills:
 - Level 2.4 Dodging
 - Level 1.4 Stealth
 + Level 5.7 Spellcasting
 - Level 4.0 Transmutations
 - Level 6.0 Earth Magic


You had 14 spell levels left.
You knew the following spells:

 Your Spells              Type           Power      Damage    Failure   Level
a - Sandblast             Erth           56%        2d13      1%          1
b - Passwall              Tmut/Erth      20%        N/A       3%          2

Your spell library contained the following spells:

 Spells                   Type           Power      Damage    Failure   Level
 Stone Arrow              Conj/Erth      32%        3d9       14%         3
 Necrotise                Necr           20%        1d5       16%         1
 Petrify                  Tmut/Erth      24%        N/A       21%         4
 Vampiric Draining        Necr           5%         2d6       43%         3
 Agony                    Necr           5%         N/A       99%         5


Dungeon Overview and Level Annotations

Branches:
Dungeon (6/15) Zot: 2353   Temple (1/1) D:4 Zot: 551

Altars:
Ashenzari
Cheibriados
Dithmenos
Elyvilon
Fedhas
Hepliaklqana
Kikubaaqudgha
Makhleb
Nemelex Xobeh
Okawaru
Qazlal
Ru
Sif Muna
Trog
Uskayaw
Vehumet
Wu Jian
Xom
Yredelemnul
Zin
The Shining One

Shops:
D:4 *=

Annotations:
D:5 Eustachio


Innate Abilities, Weirdness & Mutations

You passively map a small area around you.
You are easily found by Zot.
You glow in the dark.
You regain HP and MP as you explore.


Message History

The blast of sand hits the orc priest!!
You kill the orc priest!
Vehumet accepts your kill.
The centaur shoots an arrow.
The arrow hits you.
The centaur shoots an arrow.
The arrow hits you!
Casting: Sandblast (safe; 1% risk of failure)
Confirm with . or Enter, or press ? or * to list all spells.
Aiming: Sandblast (safe; 1% risk of failure)
Press: ? - help, Shift-Dir - straight line, f - centaur
Aim: a centaur, wielding a +0 shortbow (90% to hit)
The blast of sand hits the centaur.
The centaur is moderately wounded.
The centaur unwields a +0 shortbow.
The centaur hits you.
The centaur kicks you but does no damage.
An orc priest comes into view. It is wielding a +0 hand axe.
Casting: Sandblast (safe; 1% risk of failure)
Confirm with . or Enter, or press ? or * to list all spells.
Aiming: Sandblast (safe; 1% risk of failure)
Press: ? - help, Shift-Dir - straight line, f/p - centaur
Aim: a centaur (moderately wounded, 90% to hit)
The blast of sand hits the centaur!
The centaur is heavily wounded.
The centaur hits you but does no damage.
The centaur kicks you.
* * * LOW HITPOINT WARNING * * *
The centaur hits you.
* * * LOW HITPOINT WARNING * * *
The centaur kicks you but does no damage.
The orc priest calls down the wrath of Beogh upon you.
Beogh smites you!
* * * LOW HITPOINT WARNING * * *
Casting: Sandblast (safe; 1% risk of failure)
Confirm with . or Enter, or press ? or * to list all spells.
Aiming: Sandblast (safe; 1% risk of failure)
Press: ? - help, Shift-Dir - straight line, f/p - centaur
Aim: a centaur (heavily wounded, 90% to hit)
The blast of sand misses the centaur.
The blast of sand hits the orc warrior!
The orc warrior is moderately wounded.
The centaur hits you.
You die...

............!..# *
.##...........o..# .
................# ..
#..............#
..##............).#
.(..............o.#
..##...........)..#
.............###c##,
.#.#.###.##### #@# *
)#...# #.........#
)#)### #########.#*
)#.# #.# ...# #.. *
.### #.# ## #.# #.#


You could see an orc warrior, a centaur and an orc priest.

Vanquished Creatures
  A scorpion (D:4)
  A hound (D:6)
  3 orc priests (D:6)
  2 iguanas (D:5)
  Ijyb (D:2)
  An orc wizard (D:6)
  3 adders
  A worm (D:3)
  9 orcs
  2 bats
  5 endoplasms
  2 giant cockroaches
  12 goblins
  A hobgoblin (D:4)
  A jackal (D:2)
  5 kobolds
  3 quokkas
  5 ball pythons
  4 frilled lizards
  A rat (D:3)
63 creatures vanquished.

Notes
Turn   | Place    | Note
-------+----------+-------------------------------------------
     0 | D:1      | Labrat the Meteoran Earth Elementalist began the quest for
                  | the Orb.
     0 | D:1      | Reached XP level 1. HP: 14/14 MP: 5/5
   137 | D:2      | Reached skill level 4 in Earth Magic
   137 | D:2      | Reached XP level 2. HP: 20/20 MP: 7/7
   150 | D:2      | Learned a level 2 spell: Passwall
   168 | D:2      | Noticed Ijyb
   175 | D:2      | Reached XP level 3. HP: 26/26 MP: 8/8
   198 | D:2      | Killed Ijyb
   199 | D:2      | Reached XP level 4. HP: 13/33 MP: 9/10
   541 | D:4      | Reached XP level 5. HP: 38/38 MP: 11/11
   671 | D:4      | Found a blossoming altar of Fedhas.
   723 | D:4      | Found a staircase to the Ecumenical Temple.
   737 | Temple   | Entered the Ecumenical Temple
   737 | Temple   | Found a transporter.
   737 | Temple   | Found a transporter.
   740 | Temple   | Found a transporter.
   740 | Temple   | Found a transporter.
   764 | Temple   | Became a worshipper of Vehumet
   801 | D:4      | Found Hirphel's General Store.
   858 | D:4      | Found Siadysem's Jewellery Boutique.
   999 | D:3      | Found a hide-covered altar of Uskayaw.
  1065 | D:4      | Reached skill level 5 in Earth Magic
  1065 | D:4      | Reached XP level 6. HP: 29/45 MP: 13/13
  1087 | D:5      | Entered Level 5 of the Dungeon
  1172 | D:5      | Noticed Eustachio
  1190 | D:6      | Reached skill level 5 in Spellcasting
  1214 | D:6      | Reached XP level 7. HP: 35/50 MP: 15/15
  1219 | D:6      | Reached skill level 6 in Earth Magic
  1242 | D:6      | HP: 1/50 [orc priest/divine providence (13)]
  1243 | D:6      | Slain by a centaur

Illustrated notes

Levels and vault maps discovered:
D:1:      dpeg_arrival_simpleton_a, layout_loops_corners, reono_crystal_passage,
          minivault_11, kennysheep_boxes
D:2:      kennysheep_the_goblin_king, layout_loops_ring
D:3:      layout_basic, nicolae_uskayaw_murder_on_the_dancefloor,
          ebering_ghost_rock_garden, minmay_box_of_dots
D:4:      layout_basic, fedhas_altar_1, minmay_temple_entry_large_hall,
          serial_shops, nicolae_shop_crystal, shop, kennysheep_mini_moat
D:5:      layout_cave_pools, grunt_gozag_statues, uniq_eustachio
D:6:      layout_basic, serial_shops, nicolae_shop_hallway_stairs,
          nicolae_lakefront_shop
Temple:   hellmonk_temple_divided_pantheon

Skill      XL: |  1  2  3  4  5  6  7 |
---------------+----------------------+-----
Spellcasting   | 3 4 5 |  5.7
Earth Magic    | 4 5 6 |  6.0
Transmutations | 2 3 4 |  4.0
Dodging        | |  2.4
Stealth        | |  1.4

Action                   |  1- 3 |  4- 6 |  7- 9 || total
-------------------------+-------+-------+-------++-------
Melee: Unarmed           |       |     1 |       ||     1
       Spear             |       |     3 |       ||     3
 Cast: Sandblast         |    21 |    78 |     7 ||   106
       Passwall          |     1 |     6 |       ||     7
  Use: Scroll            |       |     1 |       ||     1
Armor: Leather armour    |       |    16 |     4 ||    20
Dodge: Dodged            |     2 |    21 |     2 ||    25
